Cogmind - Beta 15 @@@ ROGUE MODE // 2025.10.04 @ 12:21:11 Player: odium reigns Result: Destroyed by G-34 Mercenary with Small Laser Performance ------------- Evolutions (1) 500 Regions Visited (3) 600 Robots Destroyed (56) 280 Value Destroyed (1355) 1355 Prototype IDs (5) 100 Alien Tech Used (0) 0 Bonus (0) 0 TOTAL SCORE: 2835 Bonus ------- None Cogmind --------- Core Integrity 0/400 Matter 156/300 Energy 100/100 System Corruption 0% Temperature Cool (97) Movement Treading (160) Location -9/Storage Parts ------- > --- POWER (1) -------- (None) > --- PROPULSION (4) --- Light Treads > --- UTILITY (2) ------ Hacking Suite Hacking Suite > --- WEAPON (2) ------- (None) > --- INVENTORY (5) ---- Sensor Array Signal Interpreter Hacking Suite Advanced Beam Cannon Datajack Peak State ------------ > --- POWER ------------ Light Ion Engine > --- PROPULSION ------- Hover Unit Hover Unit Hover Unit Hover Unit > --- UTILITY ---------- Large Storage Unit Hacking Suite > --- WEAPON ----------- Improved Light Cannon Improved Light Cannon > --- INVENTORY -------- Light Ion Engine Light Treads Aluminum Leg Hover Unit Improved Heat Sink Medium Storage Unit Sensor Array Signal Interpreter Improved Terrain Scanner Targeting Computer Hacking Suite Medium Laser Improved Light Cannon Datajack Welding Torch [Rating: 15] Favorites ----------- Power Light Ion Engine Engine Light Ion Engine Propulsion Hover Unit Treads Light Treads Leg Aluminum Leg Hover Unit Hover Unit Utility Large Storage Unit Device Improved Terrain Scanner Storage Large Storage Unit Hackware Hacking Suite Weapon Improved Light Cannon Energy Gun Medium Laser Ballistic Gun Light Assault Rifle Ballistic Cannon Improved Light Cannon Special Weapon Mining Laser Build | -11 -10 -9 -9 ------- Run | Yrd Mat Mat Sto Slots Evolved 2 | . . 2 . Power . | . . . . Propulsion 2 | . . 2 . Utility . | . . . . Weapon . | . . . . Parts Attached 36 | 7 15 2 12 Power 6 | 1 2 . 3 Engine 6 | 1 2 . 3 Core . | . . . . Reactor . | . . . . Propulsion 13 | 2 6 2 3 Treads 4 | . 2 . 2 Leg 4 | 2 2 . . Wheel . | . . . . Hover 5 | . 2 2 1 Flight . | . . . . Utility 7 | 2 3 . 2 Device 2 | 1 1 . . Storage 3 | 1 2 . . Processor . | . . . . Hackware 2 | . . . 2 Protection . | . . . . Artifact . | . . . . Weapon 10 | 2 4 . 4 Energy Gun 4 | 1 3 . . Energy Cannon . | . . . . Ballistic Gun 1 | 1 . . . Ballistic Cannon 4 | . . . 4 Launcher . | . . . . Special Weapon 1 | . 1 . . Impact Weapon . | . . . . Slashing Weapon . | . . . . Piercing Weapon . | . . . . Special Melee Weapon . | . . . . Unidentified Prototypes . | . . . . Corrupted Parts 1 | . 1 . . System Corruption 2 | . 2 . . Parts Lost 18 | . 3 1 14 Power 4 | . 1 . 3 Propulsion 8 | . 1 . 7 Utility . | . . . . Weapon 6 | . 1 1 4 Highest Loss Streak 8 | . 2 1 8 To Critical Strikes . | . . . . Average Backups 12 | 4 11 13 14 Power 1 | 1 1 1 . Propulsion 2 | 2 3 3 1 Utility 5 | . 2 7 8 Weapon 1 | . 1 . 1 Tool/Special . | . . . . Unused Backups 13 | . 4 . 9 Power 1 | . 1 . . Propulsion 1 | . 1 . . Utility 9 | . 2 . 7 Weapon . | . . . . Tool/Special 2 | . . . 2 Average Slot Usage (%) 90 | . 96 88 85 Engine 11 | . 12 11 10 Treads 4 | . 3 . 7 Leg 10 | . 22 . . Hover 15 | . 1 43 24 Device 7 | . 14 11 . Storage 12 | . 14 11 10 Hackware 4 | . . . 10 Energy Gun 12 | . 23 8 . Ballistic Cannon 8 | . . . 20 Special Weapon 1 | . 1 3 . Peak Build Rating 15 | 9 11 11 15 Average Rating 11 | 4 9 10 13 On Entrance 6 | . 9 9 9 Naked Turns . | . . . . Heaviest Build 35 | 13 30 27 35 Greatest Support 40 | 20 40 24 40 Greatest Overweight (x) 10 | 1 2 1 10 Average Overweight (x) . | . . . . Largest Inventory Capacity 15 | 8 15 15 15 Average Capacity 13 | 7 12 15 14 Most Carried 15 | 6 15 14 15 Average Carried 12 | 4 11 13 14 Final Capacity 15 | 8 15 15 5 Final Carried 15 | 5 15 14 5 Class Distribution -------------------- 77% | Mutant 22% | Scavenger-Mutant Dominant Class ---------------- Mutant | -10/Materials Mutant | -9/Materials Mutant | -9/Storage Resources | -11 -10 -9 -9 ----------- Run | Yrd Mat Mat Sto Matter Collected 1215 | 276 194 . 745 Remotely . | . . . . Salvage Created 1979 | 106 709 . 1164 Parts 105 | 4 40 . 61 Haulers Intercepted 5 | . 1 . 4 Recyclers Shooed 2 | . . . 2 Parts Field Recycled . | . . . . Retrieved Matter . | . . . . Parts Self-Destructed . | . . . . Prevented . | . . . . Kills | -11 -10 -9 -9 ------- Run | Yrd Mat Mat Sto Combat Hostiles Destroyed 31 | . 10 . 21 Guns 6 | . 6 . . Cannons 21 | . . . 21 AOE 2 | . 2 . . Classes Destroyed 11 | 2 6 . 3 Worker 2 | . . . 2 Builder 2 | . 2 . . Tunneler 1 | 1 . . . Hauler 5 | . 1 . 4 Recycler 7 | 1 2 . 4 Mechanic 1 | . . . 1 Operator 4 | . 3 . 1 Watcher 3 | . 2 . 1 Swarmer 3 | . 3 . . Grunt 20 | . 7 . 13 Sentry 8 | . . . 8 Best Kill Streak 8 | 1 5 . 8 Combat Bots Only 5 | . 3 . 5 Max Kills in Single Turn 4 | 1 4 . 1 Gunslinging . | . . . . Exploded 2 | . 2 . . Melee . | . . . . Uniques/NPCs Destroyed . | . . . . Combat | -11 -10 -9 -9 -------- Run | Yrd Mat Mat Sto Hostile Shots Fired 252 | . 56 4 192 Missed 63 | . 7 . 56 Hits 189 | . 49 4 136 Projectile 189 | . 49 4 136 Critical Strikes 5 | . . . 5 Damage Taken 2366 | . 578 64 1724 Core 502 | . 99 . 403 Absorbed by Shields . | . . . . Regen/Repaired (Parts) 42 | . . . 42 Core Remaining (%) 80 | 100 60 . . Volleys Fired 146 | 6 63 3 74 Largest 2 | 2 2 1 2 Hottest 150 | 60 150 100 66 Shots Fired 277 | 12 119 3 143 Gun 129 | 12 117 . . Cannon 143 | . . . 143 Launcher . | . . . . Special 5 | . 2 3 . Kinetic 149 | 6 . . 143 Thermal 88 | 6 79 3 . Explosive . | . . . . Electromagnetic 40 | . 40 . . Robot Hit Streak 13 | 6 8 . 13 Robot Miss Streak 4 | 1 4 . 3 Penetration Max . | . . . . Secondary Targets . | . . . . Shots Hit Robots 164 | 8 70 . 86 Core Hits 69 | 3 30 . 36 Critical Kills . | . . . . Critical Parts Destroyed . | . . . . Critical Strikes 7 | . 3 . 4 Burn 3 | . 3 . . Blast 4 | . . . 4 Melee Attacks . | . . . . Impact . | . . . . Slashing . | . . . . Piercing . | . . . . Sneak Attacks . | . . . . Combat Hostiles . | . . . . Follow-up Attacks . | . . . . Damage Inflicted 3211 | 87 1182 13 1929 Guns 1070 | 87 983 . . Cannons 1929 | . . . 1929 Explosions 199 | . 199 . . Melee . | . . . . Ramming 13 | . . 13 . Kinetic 1959 | 30 . . 1929 Thermal 865 | 57 808 . . Explosive . | . . . . Electromagnetic 374 | . 374 . . Impact . | . . . . Slashing . | . . . . Piercing . | . . . . Highest Corruption 5 | . 5 . . Average Corruption 3 | . 3 . . Corruption Purged . | . . . . Corruption Blocked . | . . . . Effects 15 | . 15 . . Message Errors 3 | . 3 . . Matter Fused 5 | . 5 . . Heat Flow Errors 1 | . 1 . . Energy Discharges 1 | . 1 . . Parts Fused 1 | . 1 . . Data Loss (minor) 3 | . 3 . . Data Loss (major) 1 | . 1 . . Overload Shots . | . . . . Overflow Damage 11 | . 11 . . Projectiles . | . . . . Explosions 11 | . 11 . . Melee . | . . . . Knockbacks 14 | . . . 14 Impact . | . . . . Kinetic 14 | . . . 14 Secondary . | . . . . Self-Inflicted Damage 29 | . 23 6 . Shots 1 | . 1 . . Rammed 1 | . . 1 . Targets Rammed 1 | . . 1 . Kicked . | . . . . Crushed . | . . . . Highest Temperature 334 | 40 299 24 334 Average Temperature 84 | 20 107 14 63 Received Heat Transfer 1224 | . 264 18 942 Effects 1 | . . . 1 Energy Bleed 1 | . . . 1 Siege Activations . | . . . . Martial Activations . | . . . . Shielding Activations . | . . . . Robots Disrupted . | . . . . Combat Hostiles . | . . . . Robots Corrupted . | . . . . Combat Hostiles . | . . . . Parts Fried . | . . . . Impact Corruptions . | . . . . Robots Melted 2 | . 2 . . Combat Hostiles 2 | . 2 . . Parts Melted 6 | . 6 . . Heat Transferred 2291 | 125 2166 . . Parts Sabotaged . | . . . . Parts Stolen . | . . . . Parts Stripped . | . . . . Power Chain Reactions 2 | . 2 . . Alert | -11 -10 -9 -9 ------- Run | Yrd Mat Mat Sto Maximum Alert Level 1 | . . . 1 Low Security (%) 99 | 100 100 100 99 Level 1 . | . . . . Level 2 . | . . . . Level 3 . | . . . . Level 4 . | . . . . Level 5 . | . . . . High Security . | . . . . Max Security . | . . . . Peak Influence 204 | 5 165 34 204 Initial 34 | . . 34 . Average 70 | . 71 9 91 Influence Increases 1071 | 10 402 8 651 Destroy 0b10 Robot/C 620 | . 200 . 420 Destroy 0b10 Robot/NC 125 | 10 50 . 65 Destroy Leader 196 | . 66 . 130 Allied During Kill 10 | . . . 10 Successful Hack 29 | . 20 5 4 Disable Machine 75 | . 60 . 15 Destroy Structure 16 | . 6 3 7 Influence Decreases 932 | 10 320 90 512 Entered New Map 48 | . . 48 . Time Decay 683 | 10 300 41 332 Lost Part 161 | . 20 1 140 Lost Ally 40 | . . . 40 Squads Dispatched 9 | . 4 1 4 Investigation 3 | . 1 . 2 Extermination . | . . . . Reinforcement 4 | . 3 1 . Assault 2 | . . . 2 Garrison . | . . . . Intercept . | . . . . Searches Triggered . | . . . . Construction Impeded . | . . . . Haulers Reinforced . | . . . . Active Scanning Responses . | . . . . Cargo Convoy Interrupts . | . . . . Stealth | -11 -10 -9 -9 --------- Run | Yrd Mat Mat Sto Distress Signals 4 | . 1 . 3 Communications Jammed . | . . . . Distress Signals . | . . . . Times Spotted 53 | . 18 4 31 Peak Tracking Total 10 | . 3 6 10 Tactical Retreats . | . . . . Traps | -11 -10 -9 -9 ------- Run | Yrd Mat Mat Sto Traps Triggered 4 | . 3 . 1 Indirectly . | . . . . Trap Hack Attempts . | . . . . Triggered . | . . . . Disarmed . | . . . . Reprogrammed . | . . . . Reused . | . . . . Traps Extracted . | . . . . Installed . | . . . . Triggered . | . . . . Machines | -11 -10 -9 -9 ---------- Run | Yrd Mat Mat Sto Machines Disabled 5 | . 4 . 1 Max in Single Turn 1 | . 1 . 1 Machines Repaired . | . . . . Machines Dismantled . | . . . . Machines Sabotaged . | . . . . Overloaded Fab Kills . | . . . . Hacking | -11 -10 -9 -9 --------- Run | Yrd Mat Mat Sto Machines Accessed 11 | . 4 2 5 Terminals 10 | . 4 2 4 Fabricators . | . . . . Repair Stations 1 | . . . 1 Recycling Units . | . . . . Scanalyzers . | . . . . Garrison Access . | . . . . Total Hacks 27 | . 7 5 15 Successful 19 | . 6 5 8 Failed 8 | . 1 . 7 Catastrophic . | . . . . Database Lockouts . | . . . . Manual . | . . . . Terminals 22 | . 7 5 10 Fabricators . | . . . . Repair Stations 5 | . . . 5 Recycling Units . | . . . . Scanalyzers . | . . . . Garrison Access . | . . . . Terminal Hacks 15 | . 6 5 4 Prototype ID Bank 3 | . 2 . 1 Open Door 1 | . . . 1 Alert Level 2 | . . 2 . Locate Traps 3 | . 2 . 1 Hauler Manifests 3 | . . 2 1 Registered Components 1 | . 1 . . Zone Layout 2 | . 1 1 . Fabricator Hacks . | . . . . Repair Station Hacks 4 | . . . 4 Scan Component 2 | . . . 2 Repair 2 | . . . 2 Recycling Unit Hacks . | . . . . Scanalyzer . | . . . . Garrison Access Hacks . | . . . . Unauthorized Hacks . | . . . . Terminals . | . . . . Fabricators . | . . . . Repair Stations . | . . . . Recycling Units . | . . . . Scanalyzers . | . . . . Garrison Access . | . . . . Data Cores Recovered 1 | . . . 1 Used . | . . . . Hacking Detections 8 | . 1 2 5 Full Trace Events 2 | . . . 2 Feedback Events . | . . . . Feedback Blocked . | . . . . Robot Schematics Acquired . | . . . . Robots Built . | . . . . Authchips . | . . . . Time . | . . . . Total Robot Build Rating . | . . . . Part Schematics Acquired . | . . . . Parts Built . | . . . . Authchips . | . . . . Time . | . . . . Total Part Build Rating . | . . . . Parts Repaired 2 | . . . 2 Time 52 | . . . 52 Parts Recycled . | . . . . Recycled Matter . | . . . . Retrieved Matter . | . . . . Retrieved Components . | . . . . Parts Scanalyzed . | . . . . Part Schematics Acquired . | . . . . Parts Damaged . | . . . . Bothacking | -11 -10 -9 -9 ------------ Run | Yrd Mat Mat Sto Used RIF Installer . | . . . . Robots Hacked . | . . . . Non-combat . | . . . . Combat . | . . . . Robot Hacks Applied . | . . . . Relay Couplers Released . | . . . . Fabnet Peak Effective % . | . . . . Robots Rewired . | . . . . Allies Hacked . | . . . . Hacks Repelled . | . . . . Allies | -11 -10 -9 -9 -------- Run | Yrd Mat Mat Sto Total Allies 2 | . . . 2 Largest Group 2 | . . . 2 Highest-Rated Group 62 | . . . 62 Highest-Rated Ally 31 | . . . 31 Total Orders . | . . . . Ally Attacks 14 | . . . 14 Total Damage 168 | . . . 168 Kills . | . . . . Allies Corrupted . | . . . . Allies Melted 1 | . . . 1 Intel | -11 -10 -9 -9 ------- Run | Yrd Mat Mat Sto Active Infowar (turns) 1081 | 1 883 193 4 Sensors 280 | . 83 193 4 Terrain 801 | 1 800 . . Robot Analysis Total . | . . . . Derelict Logs Recovered . | . . . . Drone Launches . | . . . . Drone Recoveries . | . . . . Exploration | -11 -10 -9 -9 ------------- Run | Yrd Mat Mat Sto Turns Passed 1928 | 84 884 193 767 Spaces Moved 896 | 50 409 98 339 Core 17 | 15 . . 2 Treads 170 | . 47 . 123 Legs 374 | 35 339 . . Wheels . | . . . . Hover 335 | . 23 98 214 Flight . | . . . . Fastest Speed 48 | 50 120 48 48 Average Speed 140 | 100 155 106 137 Slowest Speed 550 | 120 260 108 550 Overloaded Moves . | . . . . Propulsion Burnouts . | . . . . Robots Hopped . | . . . . Potential Cave-ins . | . . . . Cave-ins Triggered . | . . . . Exploration Rate (%) 34 | 5 64 12 58 Regions Visited 3 Branch Regions 1 Pre-discovered Areas . | . . . . Known Exits Taken . | . . . . Unknown Exits Taken 3 | 1 1 1 . Scrap Searched . | . . . . Spaces Dug 3 | . . 3 . Terrain Destroyed 9 | . 5 3 1 Melee . | . . . . Projectile 4 | . . 3 1 AOE 5 | . 5 . . Terrain Rammed . | . . . . Walls Destroyed . | . . . . Machines Disabled . | . . . . Actions | -11 -10 -9 -9 --------- Run | Yrd Mat Mat Sto Total 1280 | 71 536 177 496 Wait 135 | . 13 72 50 Move 894 | 49 408 98 339 Hop . | . . . . Pick Up 43 | 9 24 . 10 Fast Attach 10 | 3 . . 7 Attach 20 | 4 6 2 8 Detach 3 | . 1 1 1 Swap 11 | . 9 1 1 Drop 18 | . 12 . 6 Fire 146 | 6 63 3 74 Melee . | . . . . Ram . | . . . . Kick . | . . . . Crush . | . . . . Escape Stasis . | . . . . Rewire . | . . . . Trap . | . . . . Miscellaneous . | . . . . Route ------- -11/Scrapyard -10/Materials (discovered 2 exits: *Mat / [*Min]) -9/Materials -9/Storage History --------- Turn | Location | Event 12 | -11/Scrapyard | Discovered new exit (range 16) 85 | -11/Scrapyard | Entered Materials 316 | -10/Materials | Discovered new exit (range 22) 317 | -10/Materials | Build established: Mutant 543 | -10/Materials | Discovered new exit (range 5) 969 | -10/Materials | Entered another Materials area 969 | -9/Materials | Evolved 2 slots: Propulsion x2 990 | -9/Materials | Discovered new exit (range 18) 1162 | -9/Materials | Entered Storage 1421 | -9/Storage | Repaired Hover Unit 1448 | -9/Storage | Repaired Hover Unit 1835 | -9/Storage | Met a pair of Derelict thieves 1904 | -9/Storage | Core integrity fell below 50% 1918 | -9/Storage | Core integrity fell below 20% 1929 | -9/Storage | Destroyed by G-34 Mercenary with Small Laser Last Messages --------------- 01906_ Imp. Light Cannon destroyed. 01912_ K-01 Serf collects debris. 01913_ Critical hit (Burn: +37). 01913_ Imp. Light Cannon destroyed. 01915_ Acquired Adv. Beam Cannon. 01915_ K-01 Serf cleans the Terminal. 01915_ Imp. Ion Engine destroyed. 01916_ Dropped Lrg. Storage Unit. 01917_ Acquired Lgt. Treads. 01917_ Critical hit (Burn: +37). 01918_ K-01 Serf collects debris. 01919_ M-13 Machinist repairs G-34 Mercenary. 01920_ Acquired Hacking Suite. 01921_ U-05 Engineer builds a Door. 01923_ Dropped Imp. Heat Sink. 01923_ M-13 Machinist repairs G-34 Mercenary Heat Sink. 01923_ Acquired Hacking Suite. 01924_ Acquired 2 matter. 01925_ M-13 Machinist repairs G-34 Mercenary Ion Engine. 01927_ U-05 Engineer builds a Wall. Map ----- +----------------------------------------------------+ | ?????????????????????????????????????????? | | ?????????????????????????????????????????? | | ?????????????????????????????????????????? | | ?????????????????????????????????????????? | | ####????####??##?????????????????????????? | | #?? #?????????????????????????? | | """#?# """ """ #?????########????????????? | | """#?# """ """ #?????#! ! !#????????????? | | """#?# """ """ #?????#!! ! #????????????? | | #?# """ """ #?????# !!#????????????? | | """#?# """ """ #?????# #????????????? | | """#?# #?????##" "###???????#????? | | """#?# #?????# T#??????? #????? | | #?#####+#####?????# ####???? %#????? | | ######## ###########+########%" #????? | | % !u!!=%*% #????? | | % % %[[[ %%% #????? | | % % !%[*%=[= #????? | | ##+##### ####+#######gg]m#####+####??? | | | # #####? ????#%%g[#%= ??? | | # #???# ??#% g=+%""" ????? | | # ##??# ##!|!!#]"T" "?????? | | # T#??# % ##!! %#]% "?????? | | * # ##??# """ """ ## g! +?^ ""????? | | ######## ##### """%""" ## #### ? ????? | | + %% + """[""" ##@#??? ? ???? | | ######### ## %% ## #???? ??? | | #?????????###?#####???# #????####### ??? | | #?????????????????????# #??????????????? | | #????????????????????? #??????????????? | | #?????????????????????###??????????????? | | #??????????????????????????????????????? | | #??????????????????????????????????????? | | ####?????????????????????????????????????? | | #?????????????????????????????????????? | | #?????????????????????????????????????? | | #??#??????????????????????????????????? | | ##### #??????????????????????????????????? | | [! ???????????????????????????????????? | | !!? #??????????????????????????????????? | | !! #??????????????????????????????????? | | #??????????????????????????????????? | | " ???????????????????????????????????? | | " ???????????????????????????????????? | | " ??????????????????????????????????????? | | ? ???????????????????????????????????????? | | ?????????????????????????????????????????? | | ?????????????????????????????????????????? | | ?????????????????????????????????????????? | | ?????????????????????????????????????????? | +----------------------------------------------------+ Best States ------------- Heat Dissipation 28 Energy Generation 12 Energy Capacity 265 Matter Stores 300 Matter Capacity 300 Sight Range 16 Robot Scan Range 14 Terrain Scan Range 16 Terrain Scan Density 10 Evasion (%) 55 Recoil Reduction 2 Offensive Hacking 10 Item Schematics ----------------- None Robot Schematics ------------------ None Fabricated ------------ Nothing Repaired ---------- Hover Unit | 23% | -9/Storage Hover Unit | 36% | -9/Storage Alien Tech Used ----------------- None Achievements -------------- None Challenges ------------ None Game ------ Seed ScatterSpliceWartreads Manual? 0 Play Time 00:24:29 Cumulative 93.6 hours Start 2025.10.04 @ 11:54:55 End 2025.10.04 @ 12:21:11 Sessions 1 Manual Loads 0 Difficulty Rogue Special Mode None Game No. 72 Rogue 72 Adventurer 0 Explorer 0 Win Type - Total 0 Types 0/0/0/0/0/0/0/0/0/0 Lore% 21 Gallery% 50 Achievement% 40 Wizard Run 0 Options --------- Layout 0 ASCII 0 Keyboard 0 Movement Mouse Keybinds 0 Fullscreen 1 Font 12/Smallcaps Map View 38x28 Zoom Use 99% Tactical HUD 1 Map Filters NONE Filters NONE Steam SD RUN: 2bb40351-d447-47b8-95b9-0e59792e77cf